 Dungeon Crawl Stone Soup version 0.29.1-2-gbd0b4ee654 (webtiles) character file.

Game seed: 802567630440289109

21 xian the Digger (level 2, 0/20 HPs)
             Began as a Draconian Earth Elementalist on Oct 27, 2022.
             Slain by a goblin
             ... wielding a +0 club
              (3 damage)
             ... on level 2 of the Dungeon.
             The game lasted 00:02:05 (525 turns).

xian the Digger (Draconian Earth Elementalist)       Turns: 525, Time: 00:02:05

Health: 0/20       AC:  4    Str: 16    XL:     2   Next: 65%
Magic:  1/5        EV: 12    Int: 15    God:
Gold:   45         SH:  0    Dex: 11    Spells: 3/6 levels left

rFire   . . .      SeeInvis .   c - +0 short sword
rCold   . . .      Faith    .   (no shield)
rNeg    . . .      Spirit   .   (body armour unavailable)
rPois   .          Reflect  .   (helmet restricted)
rElec   .          Harm     .   (no cloak)
rCorr   .          Rampage  .   (no gloves)
Will    .....                   (no boots)
Stlth   ++........              f - amulet of regeneration
HPRegen 0.86/turn               i - +6 ring of strength
MPRegen 0.09/turn               (no ring)

@: lethally poisoned (0 -> -1), very slightly contaminated
A: AC +4, unfitting armour, cold-blooded
a: no special abilities


You were on level 2 of the Dungeon.
You visited 1 branch of the dungeon, and saw 2 of its levels.

You collected 45 gold pieces.

Inventory:

Hand Weapons
 c - a +0 short sword (weapon)
Jewellery
 f - an amulet of regeneration (around neck)
 i - a +6 ring of strength (left hand)
Scrolls
 b - 2 scrolls of identify {unknown}
 d - a scroll of magic mapping {unknown}
 g - a scroll of teleportation {unknown}
 h - a scroll of immolation {unknown}
 j - a scroll of silence {unknown}
Potions
 a - a potion of magic
 e - a potion of haste {unknown}


   Skills:
 + Level 1.9 Dodging
 + Level 1.7 Stealth
 + Level 2.6 Spellcasting
 + Level 1.0 Transmutations
 + Level 3.4 Earth Magic


You had 3 spell levels left.
You knew the following spells:

 Your Spells              Type           Power      Damage    Failure   Level
a - Sandblast             Erth           24%        2d8       5%          1
b - Passwall              Tmut/Erth      6%         N/A       13%         2

Your spell library contained the following spells:

 Spells                   Type           Power      Damage    Failure   Level
 Stone Arrow              Conj/Erth      14%        3d7       30%         3
 Petrify                  Tmut/Erth      8%         N/A       63%         4


Dungeon Overview and Level Annotations

Branches:
Dungeon (2/15)

Altars:


Innate Abilities, Weirdness & Mutations

Your plain brown scales are hard. (AC +4)
You cannot fit into any form of body armour.
You are cold-blooded and may be slowed by cold attacks.


Message History

The adder bites you.
You are poisoned.
The adder poisons you!
You feel sick.
The goblin shouts!
The blast of sand misses the adder.
You feel sick. The adder bites you. x2
You are more poisoned.
The adder poisons you!
Unknown command.
You miscast Sandblast.
You are very lightly contaminated with residual magic.
Nothing appears to happen.
You feel sick. The adder bites you.
You are more poisoned.
The adder poisons you!
The blast of sand misses the adder.
The blast of sand misses the goblin.
You feel very sick. The adder closely misses you. The adder bites you.
* * * LOW HITPOINT WARNING * * *
You are too injured to fight recklessly!
You are too injured to fight recklessly!
Unknown command.
Unknown command.
* * * LOW HITPOINT WARNING * * *
You feel sick.
Unknown command.
Okay, then.
You are too injured to fight recklessly!
Unknown command.
Casting: Sandblast (safe; 5% risk of failure)
Confirm with . or Enter, or press ? or * to list all spells.
Aiming: Sandblast (safe; 5% risk of failure)
Press: ? - help, Shift-Dir - straight line, f/p - adder
Aim: an adder (70% to hit)
The blast of sand hits the adder.
The adder is heavily wounded.
* * * LOW HITPOINT WARNING * * *
You feel very sick. The adder barely misses you.
The adder bites you but does no damage. The goblin hits you with a +0 club.
You die...

.#.###.##
##.#..# .#..
..# #.###.#
.####..#
##.#.## .#
#..# #..## .#
#..# # #..# .#
#..# #. #..#
#.#####..#
<..##...g....#
#......S@...#
#############


You could see an adder and a goblin.

Vanquished Creatures
  An adder (D:2)
  A dart slug (D:2)
  A ball python (D:2)
  2 bats (D:2)
  A giant cockroach (D:2)
  A quokka (D:2)
  A frilled lizard (D:2)
  3 kobolds (D:2)
11 creatures vanquished.

Notes
Turn   | Place    | Note
-------+----------+-------------------------------------------
     0 | D:1      | xian the Draconian Earth Elementalist began the quest for
                  | the Orb.
     0 | D:1      | Reached XP level 1. HP: 14/14 MP: 3/3
     2 | D:1      | Noticed a gargoyle
     2 | D:1      | Noticed an ogre
     4 | D:1      | Noticed a demigod
     6 | D:1      | Noticed a vampire
     6 | D:1      | Noticed a human
     8 | D:1      | Noticed a meteoran
     9 | D:1      | You fall into a shaft and drop 1 floor!
   327 | D:2      | Reached XP level 2. HP: 20/20 MP: 0/5
   460 | D:2      | Learned a level 2 spell: Passwall
   472 | D:2      | Identified the +0 robe of Peek-a-Boo {rN+ Dex+7 SInv
                  | Stlth+}
   525 | D:2      | Slain by a goblin

Illustrated notes

Levels and vault maps discovered:
D:1:      kb_arrival_jail, layout_loops_ring, basic_ecumenical_altar
D:2:      layout_loops_ring

Action                   || total
-------------------------++-------
Melee: Unarmed           ||    17
       Short sword       ||     3
       Tailslap          ||     1
 Cast: Sandblast         ||    20
Armor: Skin              ||    14
Dodge: Dodged            ||    27
